 Dungeon Crawl Stone Soup version 0.24-a0-537-g2d01d4ab0a (webtiles) character file.

Game seed: 17242902910591417226

58 Felnil the Skirmisher (level 3, 0/32 HPs)
             Began as a Mummy Fighter on Aug 13, 2019.
             Slain by a gnoll
             ... wielding a +0 spear
              (8 damage)
             ... on level 2 of the Dungeon.
             The game lasted 00:01:59 (1313 turns).

Felnil the Skirmisher (Mummy Fighter)               Turns: 1313, Time: 00:02:00

Health: 0/32       AC:  6    Str: 20    XL:     3   Next: 76%
Magic:  3/3        EV:  5    Int:  7    God:
Gold:   50         SH: 13    Dex: 11    Spells: 2/2 levels left

rFire    x x .     SeeInvis .   a - +0 rapier
rCold    + + .     Gourm    .   h - +0 large shield
rNeg     + + +     Faith    .   b - +0 scale mail
rPois    ∞         Spirit   .   (no helmet)
rElec    .         Reflect  .   (no cloak)
rCorr    .         Harm     .   (no gloves)
MR       .....                  (no boots)
Stlth    ..........             (no amulet)
HPRegen  0.10/turn              f - ring of ice
MPRegen  0.08/turn              (no ring)

@: no status effects
A: no food or potions, fire vulnerability, cold resistance 1, negative energy
resistance 3, torment resistance, unbreathing
a: no special abilities


You were on level 2 of the Dungeon.
You were not hungry.

You visited 1 branch of the dungeon, and saw 2 of its levels.

You collected 50 gold pieces.

Inventory:

Hand Weapons
 a - a +0 rapier (weapon)
Armour
 b - a +0 scale mail (worn)
 c - a +0 shield
 h - a +0 large shield (worn)
Jewellery
 f - a ring of ice (left hand)
 g - an uncursed amulet of the acrobat {unknown}
Scrolls
 d - 2 scrolls of noise {unknown}
 e - a scroll of enchant weapon {unknown}
 i - a scroll of blinking {unknown}


   Skills:
 + Level 4.8 Fighting
 - Level 1.5 Short Blades
 - Level 2.4 Armour
 - Level 2.4 Shields


You had 2 spell levels left.
You didn't know any spells.
Your spell library was empty.

Dungeon Overview and Level Annotations

Branches:
Dungeon (2/15)

Altars:


Innate Abilities, Weirdness & Mutations

You do not eat or drink.
Your flesh is vulnerable to fire.
You are immune to poison.
Your flesh is cold resistant. (rC+)
You are immune to negative energy. (rN+++)
You are immune to unholy pain and torment.
You can survive without breathing.


Message History

You are too injured to fight recklessly!
You are too injured to fight recklessly!
You are too injured to fight recklessly!
You are too injured to fight recklessly!
You are too injured to fight recklessly!
You are too injured to fight recklessly!
You are too injured to fight recklessly!
You are too injured to fight recklessly!
You hit the gnoll.
The gnoll is heavily wounded.
The gnoll barely misses you.
You closely miss the gnoll.
The gnoll is heavily wounded.
You block the gnoll's attack. x2
You puncture the gnoll!
You kill the gnoll!
You block the gnoll's attack. The gnoll hits you but does no damage.
The gnoll hits you from afar with a +0 spear!
You die...

#....g .# ..... .#
.... ##.######### #...
#..........# #...
#..........# #...
#..........#
#...#######......>...#
#..gg@...............#
#...#######..........#
#...###.!............#
#...#....##..........#
###.#.#..###.#########
#......# #.#
############....###.#
#.................#.#
###.#####...........#


You could see 2 gnolls.

Vanquished Creatures
  3 gnolls
  A worm (D:2)
  2 giant cockroaches
  4 goblins (D:1)
  2 hobgoblins (D:1)
  3 jackals (D:1)
  2 kobolds (D:1)
  2 ball pythons (D:1)
  5 bats (D:1)
  2 frilled lizards (D:1)
  2 rats (D:1)
28 creatures vanquished.

Notes
Turn   | Place    | Note
-------+----------+-------------------------------------------
     0 | D:1      | Felnil the Mummy Fighter began the quest for the Orb.
     0 | D:1      | Reached XP level 1. HP: 18/18 MP: 1/1
    63 | D:1      | Reached XP level 2. HP: 11/25 MP: 2/2
   312 | D:1      | Reached skill level 4 in Fighting
   675 | D:1      | You fall into a shaft and drop 1 floor!
   699 | D:2      | Reached XP level 3. HP: 22/30 MP: 3/3
  1313 | D:2      | Slain by a gnoll

Levels and vault maps discovered:
D:1:      giann_forest_graveyard, layout_basic, serial_bayou_crossing
D:2:      layout_basic, gammafunk_temple_overflow_elements,
          chequers_ecumenical_altar_island, uniq_natasha

Skill      XL: |  1  2 |
---------------+-------+-----
Fighting       | 4 |  4.8
Short Blades   | |  1.5
Armour         | |  2.4
Shields        | |  2.4

Action                   || total
-------------------------++-------
Melee: Rapier            ||   116
Armor: Scale mail        ||    65
Dodge: Dodged            ||    45
Block: Shield            ||    50
       Large shield      ||    29

Table legend:
 A = Non-vault XP
 B = Vault XP
 C = Vault XP percentage of total XP
 D = Non-vault monster count
 E = Vault monster count
 F = Vault count percentage of total count
                 A         B        C        D         E       F
            +---------+---------+-------+---------+---------+-------
      Total |      84 |       0 |   0.0 |      28 |       0 |   0.0
            +---------+---------+-------+---------+---------+-------
        D:1 |      49 |       0 |   0.0 |      24 |       0 |   0.0
        D:2 |      35 |       0 |   0.0 |       4 |       0 |   0.0
            +---------+---------+-------+---------+---------+-------
